 Seeded DCSS version 0.29-a0-344-ge2f44be95a (webtiles) character file.

Game seed: 300672265412337989 (custom seed)

113 zeratav the Cutter (level 4, -6/23 HPs)
             Began as a Vine Stalker Fighter on Apr 22, 2022.
             Mangled by a kobold
             ... wielding a +2 whip of electrocution
              (11 damage)
             ... on level 3 of the Dungeon.
             The game lasted 00:02:39 (1647 turns).

zeratav the Cutter (Vine Stalker Fighter)           Turns: 1647, Time: 00:02:40

Health: -6/23      AC:  6    Str: 18    XL:     4   Next: 96%
Magic:  0/5        EV: 13    Int:  8    God:
Gold:   48         SH:  5    Dex: 16    Spells: 3/3 levels left

rFire   + . .      SeeInvis .   a - +0 rapier {short}
rCold   . . .      Faith    .   c - +0 buckler
rNeg    . . .      Spirit   +   b - +0 scale mail
rPois   .          Reflect  .   (no helmet)
rElec   .          Harm     .   (no cloak)
rCorr   .          Rampage  .   (no gloves)
Will    .....                   (no boots)
Stlth   ..........              (no amulet)
HPRegen 0.87/turn               e - ring of protection from fire
MPRegen 0.09/turn               k - +4 ring of evasion

@: no status effects
A: fangs 2, regeneration 1, magic shield, antimagic bite, no potion heal 2
a: no special abilities


You were on level 3 of the Dungeon.
You visited 1 branch of the dungeon, and saw 3 of its levels.

You collected 48 gold pieces.


Innate Abilities, Weirdness & Mutations

You have extremely sharp teeth.
Your natural rate of healing is unusually fast.
When hurt, damage is shared between your health and your magic reserves.
Your bite disrupts and absorbs the magic of your enemies.
Potions cannot restore your health.


   Skills:
 - Level 2.6 Fighting
 + Level 4.5 Short Blades
 - Level 2.4 Armour
 - Level 2.6 Shields


You had 3 spell levels left.
You didn't know any spells.
Your spell library contained the following spells:

 Spells                   Type           Power      Damage    Failure   Level
 Ozocubu's Armour         Ice            0%         N/A       99%         3
 Metabolic Englaciation   Hex/Ice        0%         N/A       100%        5
 Simulacrum               Ice/Necr       0%         N/A       100%        6

Inventory:

Hand Weapons
 a - a +0 rapier (weapon) {short}
 q - a +1 dagger of venom {short}
   (You found it on level 2 of the Dungeon)
Armour
 b - a +0 scale mail (worn)
 c - a +0 buckler (worn)
 h - a +0 robe
   (You found it on level 2 of the Dungeon)
 p - a +0 scale mail
   (You found it on level 2 of the Dungeon)
Jewellery
 e - a ring of protection from fire (left hand)
   (You found it on level 1 of the Dungeon)
 k - a +4 ring of evasion (right hand)
   (You found it on level 1 of the Dungeon)
Scrolls
 g - 2 scrolls of identify {unknown}
 i - a scroll of vulnerability {unknown}
 l - a scroll of amnesia {unknown}
 m - a scroll of fog {unknown}
 r - a scroll of acquirement {unknown}
Potions
 d - 2 potions of might
 f - a potion of heal wounds {unknown}
 j - 2 potions of brilliance {unknown}
 n - 3 potions of degeneration {unknown}
 o - a potion of flight {unknown}

Dungeon Overview and Level Annotations

Branches:
Dungeon (3/15)

Altars:
Gozag

Annotations:
D:2 1 runed translucent door, Crazy Yiuf

..............(....# #.#
.##..########.############.#####
.##..## #.# #..........# .##...#
#.# #..###.##..# ......### ##+#
#..###.##..# #..#....# ##...#
#..##..##..# #.###...###.....##
#..##.###..# #..#....##.......##
#...#.###..#
##....###......K@.###..........#
...<.........?.r..'............#
##...##.#.........####......####
##.....#.....ยง..## #..#.#.#
##..###.#.....## #.##.#.# #...
#..... #.#..#.# #.##. #.#.#.
#.#.##.# #.# .. ..#... #.#.##.#
.. .. # #......#


You could see a quokka and a kobold.


Message History

Crazy Yiuf shouts!
Could not explore, unopened runed door.
Could not explore, unopened runed door.
(D) Dungeon
Where to? (Enter - D:2, ? - help) Crazy Yiuf says, "Shadow sizzlefizz blue!"
There is a stone staircase leading down here.
You climb downwards.
There is a stone staircase leading up here.
A quokka is nearby!
A quokka is nearby!
The quokka closely misses you.
You barely miss the quokka. The quokka barely misses you.
You closely miss the quokka.
The quokka bites you but does no damage.
You hit the quokka. Your bite misses the quokka. You block the quokka's attack.
The quokka closely misses you.
You miss the quokka. You bite the quokka.
You kill the quokka!
No target in view!
No target in view!
No target in view!
No target in view!
No target in view!
No target in view!
No target in view!
No target in view!
No target in view!
No target in view!
No target in view!
No target in view!
An adder comes into view.
An adder is nearby!
The adder bites you but does no damage. The adder closely misses you.
You hit the adder. The adder bites you but does no damage.
You barely miss the adder. You block the adder's attack.
You miss the adder. Your bite misses the adder.
The adder bites you but does no damage. The adder bites you.
HP[-1] MP[-1]
You take 1 damage, and now have 22/23 hp.
You lost 1 mp, and now have 4/5 mp.
You puncture the adder! You bite the adder.
You kill the adder!
HP[+1]
Your hp is fully restored (23).
No target in view!
No target in view!
No target in view!
No target in view!
No target in view!
No target in view!
An adder comes into view.
The adder hisses angrily.
MP[+1]
Your mp is fully restored (5).
An adder is nearby!
You miss the adder. The adder bites you but does no damage.
You puncture the adder! Your bite misses the adder. The adder misses you.
The adder barely misses you.
You barely miss the adder. Your bite misses the adder. The adder misses you.
You closely miss the adder. The adder misses you.
You hit the adder.
You kill the adder!
No target in view!
No target in view!
No target in view!
No target in view!
No target in view!
No target in view!
No target in view!
No target in view!
No target in view!
No target in view!
No target in view!
No target in view!
r - a scroll labelled ZIAFFI XUICICH You open the door.
A kobold comes into view.
It is wielding a +2 whip of electrocution.
The kobold shouts!
A quokka comes into view.
A kobold comes into view. It is wielding a +0 dagger.
There is an open door here.
The kobold throws a stone.
The stone closely misses you. You block the kobold's attack.
You hit the kobold. You bite the kobold. You drain its power.
The teleport trap disappears.
The kobold disappears!
The kobold hits you with a +2 whip of electrocution.
You are electrocuted!
Ouch! That really hurt!
* * * LOW HITPOINT WARNING * * *
The quokka closely misses you.
HP[-16] MP[-3]
You take 16 damage, and now have 7/23 hp.
MASSIVE DAMAGE!! (PAUSE)
You lost 3 mp, and now have 2/5 mp.
You closely miss the kobold. The quokka bites you.
* * * LOW HITPOINT WARNING * * *
The kobold hits you but does no damage.
You are electrocuted!
You die...

Skill      XL: |  1  2  3 |
---------------+----------+-----
Short Blades   | 2 3 4 |  4.5
Fighting       | |  2.6
Armour         | |  2.4
Shields        | |  2.6

Action                   |  1- 3 |  4- 6 || total
-------------------------+-------+-------++-------
Melee: Rapier            |    82 |    36 ||   118
       Bite              |    28 |     7 ||    35
Armor: Scale mail        |    23 |    12 ||    35
Dodge: Dodged            |    31 |    19 ||    50
Block: Buckler           |    17 |     8 ||    25

Levels and vault maps discovered:
D:1:      nicolae_arrival_washed_ashore, layout_rooms
D:2:      minmay_diamond_boxcup, layout_basic, basic_altar, minmay_door_square,
          minmay_cut_off, uniq_terence, uniq_crazy_yiuf_cottage
D:3:      layout_loops_corners, hangedman_abyss_or_decor_stabs, uniq_ijyb

Notes
Turn   | Place    | Note
-------+----------+-------------------------------------------
     0 | D:1      | zeratav the Vine Stalker Fighter began the quest for the
                  | Orb.
     0 | D:1      | Reached XP level 1. HP: 11/11 MP: 2/2
     0 | D:1      | magus.rc [v1.9.6]
    25 | D:1      | Reached skill level 2 in Short Blades
    99 | D:1      | Reached XP level 2. HP: 13/16 MP: 3/3
   160 | D:1      | You pick up a book of Winter and begin reading...
   160 | D:1      | You add the spells Ozocubu's Armour, Metabolic Englaciation
                  | and Simulacrum to your library.
   304 | D:1      | Reached skill level 3 in Short Blades
   417 | D:1      | Reached XP level 3. HP: 19/19 MP: 4/4
   601 | D:2      | Found an opulent altar of Gozag.
   813 | D:2      | Noticed Terence
   822 | D:2      | Killed Terence
   823 | D:2      | Reached skill level 4 in Short Blades
   823 | D:2      | Gained mutation: Your natural rate of healing is unusually
                  | fast. [Vine Stalker growth]
   823 | D:2      | Reached XP level 4. HP: 10/23 MP: 3/5
  1330 | D:2      | Found a runed translucent door.
  1331 | D:2      | Noticed Crazy Yiuf
  1647 | D:3      | HP: 5/23 [quokka (3)]
  1647 | D:3      | Mangled by a kobold

Vanquished Creatures
  Terence (D:2)
  3 adders
  A worm (D:2)
  3 dart slugs
  4 bats
  3 endoplasms
  3 giant cockroaches (D:2)
  5 goblins
  4 hobgoblins
  3 jackals (D:1)
  A quokka (D:3)
  5 ball pythons
  3 frilled lizards (D:2)
  3 kobolds (D:1)
  9 rats
51 creatures vanquished.

Table legend:
 A = Non-vault XP
 B = Vault XP
 C = Vault XP percentage of total XP
 D = Non-vault monster count
 E = Vault monster count
 F = Vault count percentage of total count
                 A         B        C        D         E       F
            +---------+---------+-------+---------+---------+-------
      Total |      91 |      71 |  43.8 |      41 |      10 |  19.6
            +---------+---------+-------+---------+---------+-------
        D:1 |      45 |       0 |   0.0 |      26 |       0 |   0.0
        D:2 |      18 |      71 |  79.8 |      12 |      10 |  45.5
        D:3 |      28 |       0 |   0.0 |       3 |       0 |   0.0
            +---------+---------+-------+---------+---------+-------

Illustrated notes

Table legend:
 A = Kills in this place as a percentage of kills in entire the game.
 B = Kills by you in this place as a percentage of kills by you in the entire game.
 C = Kills by friends in this place as a percentage of kills by friends in the entire game.
 D = Other kills in this place as a percentage of other kills in the entire game.
 E = Experience gained in this place as a percentage of experience gained in the entire game.
 F = Experience gained in this place divided by the number of levels of this place that you have seen.
                   A       B       C       D       E      F
               +-------+-------+-------+-------+-------+----------------------
         Total | 100.0 | 100.0 |   N/A |   N/A | 100.0 |  54.0
       Dungeon | 100.0 | 100.0 |   N/A |   N/A | 100.0 |  54.0
               +-------+-------+-------+-------+-------+----------------------

Table legend: (Time is in decaauts)
 A = Elapsed time spent in this place.
 B = Non-inter-level travel time spent in this place.
 C = Inter-level travel time spent in this place.
 D = Time resting spent in this place.
 E = Time spent auto-exploring this place.
 F = Levels seen in this place.
 G = Mean time per level.
                   A        B        C        D        E       F      G
               +--------+--------+--------+--------+--------+-----+--------+
         Total |   1654 |   1612 |     42 |      0 |   1328 |   3 |  551.3 |
       Dungeon |   1654 |   1612 |     42 |      0 |   1328 |   3 |  551.3 |
               +--------+--------+--------+--------+--------+-----+--------+

Top non-repeatable levels by time:
     D:2: 933 daAuts
     D:1: 605 daAuts
     D:3: 115 daAuts
